 Dungeon Sprint DCSS version bcrawl-1.15.1 (webtiles) character file.

Game seed: 7433106536273796080

391 FMitz the Fighter (level 6, -3/127 HPs)
             Began as an Ogre Chaos Knight on Sept 25, 2019.
             Was a Plaything of Xom.
             Slain by a hornet (11 damage)
             ... in the Dungeon (Sprint I: "Red Sonja").
             The game lasted 00:03:51 (547 turns).

FMitz the Fighter (Ogre Chaos Knight)                Turns: 547, Time: 00:03:51

Health: -3/127     AC:  5    Str: 22    XL:     6   Next: 80%
Magic:  6/6        EV: 12    Int: 13    God:    Xom [......]
Gold:   95         SH:  0    Dex: 10    Spells: 5/5 levels left

rFire    . . .     SeeInvis .   a - +1 hand axe (chaos)
rCold    . . .     Gourm    .   (no shield)
rNeg     . . .     Faith    .   b - +2 robe
rPois    .         Spirit   .   (helmet restricted)
rElec    .         Reflect  .   (no cloak)
rCorr    .         Harm     .   (gloves unavailable)
MR       .....     NoTele   +   (boots unavailable)
Stlth    ..........             (no amulet)
HPRegen  0.31/turn              (no ring)
MPRegen  0.10/turn              (no ring)

@: berserking, hasted, very quick
A: large, unfitting armour, tough skin 1
a: Renounce Religion


You were in the Dungeon.
You worshipped Xom.
You were a very special plaything of Xom.
You were not hungry.

You visited 1 branch You collected 297 gold pieces.
You spent 202 gold pieces at shops.

Inventory:

Hand Weapons
 a - a +1 hand axe of chaos (weapon)
 k - a +0 giant club
Armour
 b - a +2 robe (worn)
Wands
 j - a wand of polymorph (4)
Scrolls
 i - a scroll of blinking
 n - a scroll of enchant armour
Potions
 f - a potion of haste
 g - 2 potions of magic
Comestibles
 c - a ration {!d}


   Skills:
 * Level 13.1 Fighting
 + Level 7.7 Axes
 + Level 6.8 Dodging


You had 5 spell levels left.
You didn't know any spells.
Your spell library was empty.

Dungeon Overview and Level Annotations

Branches:
Dungeon (1/1)

Altars:
Cheibriados
Dithmenos
Elyvilon
Fedhas
Gozag
Hepliaklqana
Kikubaaqudgha
Nemelex Xobeh
Okawaru
Qazlal
Ru
Sif Muna
Trog
Uskayaw
Vehumet
Wu Jian
Yredelemnul
Zin
The Shining One

Shops:
D ?


Innate Abilities, Weirdness & Mutations

You are too large for most types of armour.
You have tough skin. (AC +1)


Message History

There is an open door, spattered with blood here.
You slash the hornet!
The hornet is moderately wounded.
You barely miss the hornet.
The hornet is moderately wounded.
The hornet closely misses you.
You barely miss the hornet.
The hornet is moderately wounded.
The hornet barely misses you.
You hit the hornet. You burn the hornet.
The hornet is moderately wounded.
The hornet stings you!
* * * LOW HITPOINT WARNING * * *
There is an open door, spattered with blood here.
There is an open door here.
Your magic is already full.
A red film seems to cover your vision as you go berserk!
You feel yourself moving faster!
You feel mighty! The hornet stings you!
You die...
Xom snickers!

################ ** ** **
#<.#..'..#..y..#_ * ,
,,,* , #..)..#..')@#..+
,+ , , *
#..#####'#####'#_ ###,,,
#..####..#...#c####§§#**
,
#..#__####..##§#§§§§§#$$#
*
#..#_____##'#§§c§≈≈§§'..#
,
#⌠⌠#_.∩...'.§.§#§≈§§§#yc#
, ####_..__##_.#+##+####
** , *,,#_____###+# ,
,*** +, **#######**,*** *
*,** *,


You could see a hornet.

Vanquished Creatures
  Sigmund (D)
  A yak (D)
  An ogre (D)
  A jelly (D)
  Ijyb (D)
5 creatures vanquished.

Notes
Turn   | Place    | Note
-------+----------+-------------------------------------------
     0 | D        | FMitz the Ogre Chaos Knight began the quest for the Orb.
     0 | D        | Reached XP level 1. HP: 24/24 MP: 1/1
     1 | D        | Noticed Ijyb
    18 | D        | Killed Ijyb
    18 | D        | Reached skill level 6 in Fighting
    18 | D        | Reached XP level 2. HP: 37/37 MP: 2/2
    18 | D        | Reached XP level 3. HP: 45/45 MP: 3/3
    23 | D        | Noticed an ogre
    27 | D        | Killed an ogre
    27 | D        | Reached skill level 9 in Fighting
    27 | D        | Reached skill level 5 in Axes
    27 | D        | Reached XP level 4. HP: 59/59 MP: 4/4
    39 | D        | Noticed Sigmund
    42 | D        | XOM: divination: magic mapping
    43 | D        | XOM: summons friendly white imp
    49 | D        | Killed Sigmund
    49 | D        | Reached skill level 11 in Fighting
    49 | D        | Reached skill level 5 in Dodging
    49 | D        | Reached XP level 5. HP: 13/72 MP: 5/5
    49 | D        | Reached XP level 6. HP: 15/80 MP: 6/6
   268 | D        | XOM: silly message
   281 | D        | Found an ornate altar of the Wu Jian Council.
   281 | D        | Found a shimmering blue altar of Sif Muna.
   283 | D        | Found a radiant altar of Vehumet.
   345 | D        | XOM: summons 3 hostile demons
   493 | D        | Found Miloedak's Magic Scroll Emporium.
   493 | D        | Found an ancient bone altar of Kikubaaqudgha.
   493 | D        | Found a hazy altar of Hepliaklqana.
   493 | D        | Found a stormy altar of Qazlal.
   493 | D        | Found a hide-covered altar of Uskayaw.
   493 | D        | Found a blossoming altar of Fedhas.
   493 | D        | Found a bloodstained altar of Trog.
   493 | D        | Found an iron altar of Okawaru.
   493 | D        | Found a basalt altar of Yredelemnul.
   493 | D        | Found a glowing golden altar of the Shining One.
   493 | D        | Found a snail-covered altar of Cheibriados.
   493 | D        | Found a sacrificial altar of Ru.
   493 | D        | Found a glowing silver altar of Zin.
   493 | D        | Found a shadowy altar of Dithmenos.
   493 | D        | Found a white marble altar of Elyvilon.
   493 | D        | Noticed a yak
   497 | D        | XOM: harmless Conj miscast
   506 | D        | Killed a yak
   506 | D        | Reached skill level 13 in Fighting
   507 | D        | Found an opulent altar of Gozag.
   508 | D        | Found a sparkling altar of Nemelex Xobeh.
   512 | D        | Bought a scroll of fear for 38 gold pieces
   512 | D        | Bought a scroll of enchant armour for 82 gold pieces
   512 | D        | Bought a scroll of enchant weapon for 82 gold pieces
   523 | D        | Noticed a centaur warrior
   523 | D        | Noticed a centaur warrior
   528 | D        | Noticed a hornet
   541 | D        | HP: 4/85 [hornet (14)]
   547 | D        | Slain by a hornet

Skill      XL: |  1  2  3  4  5  6 |
---------------+-------------------+-----
Fighting       | 6 9 11 13 | 13.1
Axes           | 4 5 6 7 |  7.7
Dodging        | 3 4 5 6 |  6.8

Action                   |  1- 3 |  4- 6 || total
-------------------------+-------+-------++-------
Melee: Unarmed           |     9 |       ||     9
       Hand axe          |       |    41 ||    41
  Use: Potion            |       |     4 ||     4
       Scroll            |       |     3 ||     3
 Stab: Confused          |     1 |       ||     1
Armor: Skin              |     1 |       ||     1
       Robe              |       |    12 ||    12
Dodge: Dodged            |     4 |    28 ||    32
